 Dungeon Crawl Stone Soup version 0.30-a0-1160-g6e42c06551 (webtiles) character file.

Game seed: 11750897688468838640

23 qeuew the Shooter (level 2, 6/17 HPs)
             Began as a Deep Elf Hunter on Apr 25, 2023.
             Quit the game on level 2 of the Dungeon.
             The game lasted 00:01:04 (801 turns).

qeuew the Shooter (Deep Elf Hunter)                  Turns: 801, Time: 00:01:05

Health: 6/17       AC:  3    Str:  8    XL:     2   Next: 75%
Magic:  4/4        EV: 12    Int: 13    God:
Gold:   60         SH:  0    Dex: 18    Spells: 1/1 levels left

rFire   . . .        a - +0 shortbow
rCold   . . .        (shield currently unavailable)
rNeg    . . .        c - +0 leather armour
rPois   .            (no helmet)
rElec   .            (no cloak)
rCorr   .            (no gloves)
SInv    .            (no boots)
Will    .....        (no amulet)
Stlth   ++           (no ring)
HPRegen 0.22/turn    (no ring)
MPRegen 0.09/turn

%: no passive effects
@: no status effects
A: no striking features
a: no special abilities


You were on level 2 of the Dungeon.
You visited 1 branch of the dungeon, and saw 2 of its levels.

You collected 60 gold pieces.

Inventory:

Hand Weapons
 a - a +0 shortbow (weapon)
Armour
 c - a +0 leather armour (worn)
Jewellery
 g - a ring of fire
Scrolls
 b - a scroll of immolation
Potions
 d - 5 potions of curing {unknown}
 e - a potion of flight {unknown}
 f - a potion of brilliance {unknown}
 h - a potion of heal wounds {unknown}
 i - a potion of might {unknown}


   Skills:
 + Level 1.7 Fighting
 * Level 5.7 Ranged Weapons
 - Level 0.3 Armour
 + Level 2.6 Dodging
 * Level 2.3 Stealth
 + Level 0.0 Spellcasting


You had one spell level left.
You didn't know any spells.
Your spell library contained the following spells:

 Spells                   Type           Power      Damage    Failure   Level
 Sublimation of Blood     Necr           0%         N/A       54%         2
 Petrify                  Tmut/Erth      0%         N/A       99%         4
 Irradiate                Conj/Tmut      0%         3d11      100%        5


Dungeon Overview and Level Annotations

Branches:
Dungeon (2/15)

Altars:

Shops:
D:1 *


Message History

Found a stone staircase leading up.
No target in view!
You see here 2 stones.
i - a glowing white potion No target in view!
You open the door.
There is an open door here.
As you open the door, it creaks loudly!
An iguana comes into view.
The iguana hisses angrily.
You hear a shout!
You shoot an arrow.
The arrow hits the iguana but does no damage.
A giant cockroach comes into view.
There are monsters nearby!
You shoot an arrow. The arrow hits the iguana.
The iguana is lightly wounded.
There are monsters nearby!
You shoot an arrow.
The arrow hits the iguana but does no damage.
The iguana is lightly wounded.
You shoot an arrow.
The arrow hits the iguana but does no damage.
The iguana is lightly wounded.
The iguana closely misses you.
You shoot an arrow. The arrow closely misses the iguana.
The iguana bites you. The giant cockroach barely misses you.
You shoot an arrow.
The arrow hits the iguana but does no damage.
The iguana is lightly wounded.
The iguana barely misses you. The giant cockroach barely misses you.
You shoot an arrow.
The arrow hits the iguana but does no damage.
The iguana is lightly wounded.
The giant cockroach closely misses you. The iguana closely misses you.
The iguana bites you. The giant cockroach bites you.
You are too injured to fight recklessly!
You are too injured to fight recklessly!
You are too injured to fight recklessly!
You are too injured to fight recklessly!
Are you sure you want to abandon this character and quit the game? (Confirm with "yes".)

######.#........#
#...............#
#.###..#..#..<#...# #.#
#.(#......#.#.# #.#
#..########.# ..#
#..#....###.# ###
#..#.#......##
#<.#.#####...#####..
######.#.....'..@l......
........######..B#######
######.## #...# ....
#...# ###### #...# #....
...... #####..#


You could see an iguana and a giant cockroach.

Vanquished Creatures
  3 ball pythons (D:1)
  3 endoplasms (D:1)
  A giant cockroach (D:1)
  2 goblins (D:1)
  2 hobgoblins (D:1)
  2 kobolds (D:1)
  4 quokkas (D:1)
  A rat (D:1)
18 creatures vanquished.

Notes
Turn   | Place    | Note
-------+----------+-------------------------------------------
     0 | D:1      | qeuew the Deep Elf Hunter began the quest for the Orb.
     0 | D:1      | Reached XP level 1. HP: 12/12 MP: 3/3
   166 | D:1      | Reached XP level 2. HP: 15/15 MP: 4/4
   317 | D:1      | Found Umpush's General Store.
   801 | D:2      | Quit the game

Illustrated notes

Levels and vault maps discovered:
D:1:      dpeg_arrival_pits, layout_loops_cross, serial_shops, shop_fountains
D:2:      layout_basic, minmay_quadrilaterals

Skill      XL: |  1  2 |
---------------+-------+-----
Stealth        | 2 |  2.3
Fighting       | |  1.7
Ranged Weapons | |  5.7
Armour         | |  0.3
Dodging        | |  2.6

Action                     || total
---------------------------++-------
   Fire: Shortbow          ||    57
 Armour: Leather armour    ||     3
  Dodge: Dodged            ||    18

Table legend: (Time is in decaauts)
 A = Elapsed time spent in this place.
 B = Non-inter-level travel time spent in this place.
 C = Inter-level travel time spent in this place.
 D = Time resting spent in this place.
 E = Time spent auto-exploring this place.
 F = Levels seen in this place.
 G = Mean time per level.
                   A        B        C        D        E       F      G
               +--------+--------+--------+--------+--------+-----+--------+
         Total |    817 |    791 |     26 |      0 |    681 |   2 |  408.5 |
       Dungeon |    817 |    791 |     26 |      0 |    681 |   2 |  408.5 |
               +--------+--------+--------+--------+--------+-----+--------+

Top non-repeatable levels by time:
     D:1: 721 daAuts
     D:2: 95 daAuts
